 Dungeon Crawl Stone Soup version 0.28.0-62-gf88900778d (webtiles) character file.

Game seed: 11047846987642742284

302 cbfl8 the Skirmisher (level 6, -2/45 (49) HPs)
             Began as a Demonspawn Berserker on July 3, 2023.
             Was a Believer of Trog.
             Slain by a hornet (5 damage)
             ... while paralysed by a hornet
             ... on level 5 of the Dungeon.
             The game lasted 00:03:27 (3772 turns).

cbfl8 the Skirmisher (Demonspawn Berserker)         Turns: 3772, Time: 00:03:28

HP:   -2/45 (49)    AC: 10    Str: 18    XL:     6   Next: 14%
MP:   6/6           EV:  2    Int:  8    God:    Trog [**....]
Gold: 118           SH:  0    Dex: 18    Spells: 5/5 levels left

rFire   + . .      SeeInvis .   a - +1 hand axe
rCold   + . .      Faith    .   (no shield)
rNeg    . . .      Spirit   .   c - +0 chain mail
rPois   .          Reflect  .   d - +0 helmet
rElec   .          Harm     .   i - scarf {rC+ rF+}
rCorr   .          Rampage  .   (no gloves)
Will    ++...                   (no boots)
Stlth   +.........              (no amulet)
HPRegen 1.15/turn               (no ring)
MPRegen 0.10/turn               (no ring)

@: paralysed, strong-willed, regenerating, drained
A: thin skeletal structure 2, powered by death 1, weakness stinger 1
a: Renounce Religion, Berserk, Trog's Hand


You were on level 5 of the Dungeon.
You worshipped Trog.
Trog was pleased with you.
You visited 1 branch of the dungeon, and saw 5 of its levels.

You collected 118 gold pieces.

Inventory:

Hand Weapons
 a - a +1 hand axe (weapon)
Armour
 c - a +0 chain mail (worn)
 d - a +0 helmet (worn)
 i - a scarf of resistance (worn)
Wands
 f - a wand of flame (34)
Potions
 b - a potion of brilliance {unknown}
 e - a potion of berserk rage {unknown}
 g - 2 potions of attraction {unknown}
 h - a potion of heal wounds
 j - a potion of mutation {unknown}
 l - 2 potions of flight {unknown}


   Skills:
 + Level 4.3 Fighting
 + Level 4.0 Axes
 + Level 3.2 Armour
 + Level 2.0 Dodging
 * Level 2.4 Evocations


You had 5 spell levels left.
You didn't know any spells.
Your spell library was empty.

Dungeon Overview and Level Annotations

Branches:
Dungeon (5/15)
 Temple: D:4-7

Altars:
Vehumet


Innate Abilities, Weirdness & Mutations

You have a moderately thin skeletal structure. (Dex +4, Stealth++)
You regenerate a little health from kills.
You have a small tail.


Message History

The adder bites you but does no damage.
You hit the adder. You tail-slap the adder.
The adder is severely wounded.
You hit the centaur zombie.
The centaur zombie hits you but does no damage.
The centaur zombie kicks you.
* * * LOW HITPOINT WARNING * * *
The adder bites you but does no damage. The centaur zombie hits you.
* * * LOW HITPOINT WARNING * * *
The centaur zombie barely misses you. The scorpion stings you.
* * * LOW HITPOINT WARNING * * *
Found a scroll labelled YHIQAUBLYEWIGI.
Found a stone staircase leading up.
The adder bites you.
* * * LOW HITPOINT WARNING * * *
You are poisoned.
The adder poisons you! The adder barely misses you.
* * * LOW HITPOINT WARNING * * *
You feel sick.
You feel sick.
You feel sick. The adder bites you but does no damage.
You recover from your berserk rage.
You feel sick.
The centaur zombie hits you but does no damage.
The centaur zombie kicks you.
* * * LOW HITPOINT WARNING * * *
The centaur zombie hits you but does no damage.
The centaur zombie kicks you but does no damage.
You feel sick.
You are no longer poisoned.
The adder bites you but does no damage.
A hornet and a scorpion come into view.
The hornet buzzes angrily.
The hornet moves out of view.
The adder bites you but does no damage. The hornet stings you.
* * * LOW HITPOINT WARNING * * *
You suddenly lose the ability to move!
The adder bites you.
* * * LOW HITPOINT WARNING * * *
The hornet stings you.
You die...

#.# #.# #.# #.# #.# #.#
## ## # #.# #.###.# .##
..# #@#####.#.#####?.#
.....#yS#.#.#.#.#.#.#(#
#.s.Z.l.............
.....####.#.#.#.#.#.#.#
...##. #....(..........
.# # ##.#.#.#.#(#.#.#
#...............
##.#.#.#.#.#.#.#
#...............


You could see a hornet, a scorpion, an iguana, an adder and a centaur zombie.

Vanquished Creatures
  An orc priest (D:3)
  Jessica (D:2)
  2 orc wizards (D:3)
  An iguana (D:4)
  2 gnolls (D:4)
  6 adders
  2 worms (D:2)
  4 dart slugs
  5 orcs
  9 ball pythons
  9 endoplasms
  5 giant cockroaches
  6 goblins
  7 hobgoblins
  3 jackals (D:1)
  5 kobolds
  2 quokkas (D:1)
  4 bats
  2 frilled lizards
  8 rats
84 creatures vanquished.

Notes
Turn   | Place    | Note
-------+----------+-------------------------------------------
     0 | D:1      | cbfl8 the Demonspawn Berserker began the quest for the Orb.
     0 | D:1      | Reached XP level 1. HP: 18/18 MP: 1/1
   154 | D:1      | Found a faded altar of an unknown god.
   167 | D:1      | Gained mutation: You have a somewhat thin skeletal
                  | structure. (Dex +2, Stealth+) [demonic ancestry]
   167 | D:1      | Reached XP level 2. HP: 20/24 MP: 2/2
   844 | D:1      | Gained mutation: You have a moderately thin skeletal
                  | structure. (Dex +4, Stealth++) [demonic ancestry]
   844 | D:1      | Reached XP level 3. HP: 24/29 MP: 3/3
  1439 | D:2      | Reached skill level 1 in Evocations
  1649 | D:2      | Reached ** piety under Trog
  1780 | D:2      | Gained mutation: You regenerate a little health from kills.
                  | [demonic ancestry]
  1780 | D:2      | Reached XP level 4. HP: 28/36 MP: 4/4
  2063 | D:2      | Noticed Jessica
  2078 | D:2      | Killed Jessica
  2160 | D:2      | Reached XP level 5. HP: 42/42 MP: 5/5
  2518 | D:3      | Found a glowing drain.
  2862 | D:3      | Found a radiant altar of Vehumet.
  3555 | D:4      | Gained mutation: You have a small tail. [demonic ancestry]
  3555 | D:4      | Reached XP level 6. HP: 41/49 MP: 6/6
  3755 | D:5      | Entered Level 5 of the Dungeon
  3758 | D:5      | HP: 2/45 [scorpion (6)]
  3763 | D:5      | HP: 1/45 [poisoned by an adder]
  3768 | D:5      | Noticed a hornet
  3771 | D:5      | Paralysed by a hornet for 2 turns
  3772 | D:5      | Slain by a hornet

Illustrated notes

Levels and vault maps discovered:
D:1:      nzn_arrival_crosshair, layout_rooms,
          ebering_ecumenical_altar_sacrificial, chequers_serial_rivers_small_3
D:2:      layout_basic, kennysheep_generic_room_11, uniq_jessica
D:3:      layout_loops_ring, vehumet_altar_wand_db, portal_sewer_entry_c
D:4:      minmay_goblin_kobold_castle, layout_loops_corners,
          minmay_temple_entry_mini_moons
D:5:      nicolae_cairo_tiling_large_dashed, layout_loops_ring,
          mainiacjoe_overflow_boulevard, cheibrodos_worm_habitat, st_stairs_11

Skill      XL: |  1  2  3  4  5 |
---------------+----------------+-----
Axes           | 3 4 |  4.0
Armour         | 2 3 |  3.2
Evocations     | 1 2 |  2.4
Dodging        | 2 |  2.0
Fighting       | 4 |  4.3

Action                   |  1- 3 |  4- 6 || total
-------------------------+-------+-------++-------
Melee: Hand axe          |   112 |   142 ||   254
       Punch             |     3 |     1 ||     4
       Tailslap          |       |     3 ||     3
Invok: Berserk           |     1 |     2 ||     3
       Trog's Hand       |       |     1 ||     1
  Use: Scroll            |     1 |     2 ||     3
Armor: Chain mail        |    74 |   121 ||   195
Dodge: Dodged            |    50 |    71 ||   121
